 Dungeon Crawl Stone Soup version 0.13-a0-3159-gc5ce8eb (webtiles) character file.

6676 Sachiko the Spear-Bearer (level 10, 0/69 (76) HPs)
             Began as a Merfolk Abyssal Knight on Sept 24, 2013.
             Was an Elder of Lugonu.
             Slain by Duskembrace's ghost (3 damage)
             ... on Level 11 of the Dungeon.
             The game lasted 01:00:14 (14169 turns).

Sachiko the Spear-Bearer (Merfolk Abyssal Knight)  Turns: 14169, Time: 01:00:14

HP   0/69 (76)   AC 10     Str 14      XL: 10   Next: 94%
MP   1/20        EV 17     Int 12      God: Lugonu [****..]
Gold 400         SH  0     Dex 18      Spells:  0 memorised,  9 levels left

Res.Fire  : . . .   See Invis. : .   a - +3,+0 spear {=f}
Res.Cold  : . . .   Warding    : .   f - +3 dwarf ring mail (curse)
Life Prot.: . . .   Conserve   : .   (no shield)
Res.Poison: +       Res.Corr.  : .   F - +0 winged helmet
Res.Elec. : .       Clarity    : .   m - +0 cloak (curse)
Sust.Abil.: . .     Spirit.Shd : .   (no gloves)
Res.Mut.  : .       Stasis     : .   (no boots)
Res.Rott. : .       Flight     : .   (no amulet)
Saprovore : . . .                    i - ring of poison resistance
                                     h - +3 ring of dexterity

@: mildly poisoned, very slightly contaminated, slowed, very slow, somewhat
resistant to hostile enchantments, fairly stealthy
A: change form in water, swift swim
a: Depart the Abyss, Bend Space, Banish, Corrupt, Renounce Religion


You were on level 11 of the Dungeon.
You worshipped Lugonu.
Lugonu was greatly pleased with you.
You were near starving.

You visited 2 branches of the dungeon, and saw 12 of its levels.
You visited the Abyss 2 times.
You also visited: Sewer.

You collected 640 gold pieces.
You spent 260 gold pieces at shops.

Inventory:

Hand weapons
 a - a +3,+0 spear (weapon) {=f}
Armour
 b - a cursed +1 leather armour
 f - a cursed +3 dwarven ring mail (worn)
 m - a cursed +0 cloak (worn)
 F - a +0 winged helmet (worn)
Magical devices
 u - a wand of cold (0)
 B - a wand of draining (3)
 E - a wand of paralysis (4)
Comestibles
 c - 5 bread rations
 q - 10 cheeses
 v - a royal jelly
Scrolls
 e - 3 scrolls of amnesia
 g - 4 scrolls of fog
 n - 4 scrolls of identify
 r - a scroll of remove curse
 t - a scroll of random uselessness
 A - a scroll of magic mapping
Jewellery
 h - a +3 ring of dexterity (left hand)
 i - a ring of poison resistance (right hand)
 s - an uncursed ring of see invisible
 x - the amulet of Gokluyjo {Ward Dex-1}
   (You found it on level 7 of the Dungeon)

   [amulet of warding]

   It affects your dexterity (-1).
 z - an uncursed amulet of inaccuracy
 D - an uncursed amulet of resist corrosion {unknown}
Potions
 k - 4 potions of flight
 o - 3 potions of restore abilities
 p - a potion of might
 w - a potion of resistance
Books
 d - a book of Flames

   Spells                             Type                      Level
   Flame Tongue                       Conjuration/Fire             1
   Throw Flame                        Conjuration/Fire             2
   Conjure Flame                      Conjuration/Fire             3
   Inner Flame                        Hexes/Fire                   3
   Sticky Flame                       Conjuration/Fire             4
   Fireball                           Conjuration/Fire             5
 C - a book of Burglary

   Spells                             Type                      Level
   Apportation                        Translocation                1
   Swiftness                          Charms/Air                   2
   Passwall                           Transmutation/Earth          3
   Passage of Golubria                Translocation                4
   Lee's Rapid Deconstruction         Earth                        5
   Darkness                           Hexes                        7
Magical staves
 y - an uncursed staff of cold


   Skills:
 + Level 8.2 Fighting
 + Level 13.2 Polearms
 - Level 0.6 Armour
 + Level 11.7 Dodging
 + Level 3.6 Stealth
 + Level 6.8 Invocations


You had 9 spell levels left.
You didn't know any spells.

Dungeon Overview and Level Annotations

Branches:
Dungeon (11/27)            Temple (1/1) D:7             Orc (0/4) D:9
   Lair: D:8-13

Altars:
Ashenzari
Cheibriados
Elyvilon
Fedhas
Kikubaaqudgha
Makhleb
Nemelex Xobeh
Okawaru
Sif Muna
Trog
Vehumet
Xom
Yredelemnul
Zin
the Shining One

Shops:
D:6 =   D:9 /

Annotations:
D:3 Sigmund
D:11 Duskembrace's ghost, powerful SpEn


Message History

Duskembrace's ghost hits you but does no damage.
* * * LOW HITPOINT WARNING * * *
You feel sick. Duskembrace's ghost misses you.
Duskembrace's ghost hits you but does no damage.
The eye of draining stares at you.
Duskembrace's ghost gestures wildly while chanting.
Duskembrace's ghost flickers and vanishes!
Deactivating autopickup; reactivate with Ctrl-A.
The eye of draining stares at you. It barely misses you.
The eye of draining stares at you. It hits you but does no damage.
It hits you but does no damage.
You are more poisoned.
* * * LOW HITPOINT WARNING * * *
You feel sick.
You feel a little better.
There is a stone staircase leading down here.
It hits you.
You die...

#.)....# #...# ##.##
###.#########...####### #....
#...5....##l..........# #....
#........##.....#####.# #....
#....5...##.....# #.# #....
#..≈))...##..(..# #.# #....
#.≈≈≈≈.5.##.....# #.# #....
#..≈≈≈≈..##.....#####.#######'##
#.≈≈≈≈≈..'.....@{..G....[.....#
#........#....#######.#########
#####'####....# #.# #.# #....#
#.# #.# #....# #.# #.# #....#
#.# #.# #....# #.######## #.#
#....# #.#......# #.# #....#
#)#.####.#


You could see an eye of draining and a giant gecko (wandering).

Vanquished Creatures
  Grinder (D:4)
  Prince Ribbit (D:7)
  A water elemental (D:10)
  A trapdoor spider (D:11)
  A hippogriff (D:11)
  A hungry ghost (D:10)
  A necrophage (D:9)
  3 ice beasts
  A phantom (D:11)
  3 black bears
  2 sky beasts (D:10)
  An ogre (D:7)
  7 centaurs
  A giant slug (Sewer)
  A gnoll sergeant (D:11)
  A manticore skeleton (D:7)
  A troll skeleton (D:10)
  8 wights
  4 crimson imps
  A quasit (D:9)
  A goliath beetle (D:10)
  A hound (D:9)
  2 iguanas
  A jelly (D:7)
  4 orc priests
  A scorpion (D:6)
  7 orc wizards
  An orange rat (D:9)
  11 worker ants
  A brain worm zombie (D:9)
  2 ogre skeletons
  2 mummies
  9 gnolls
  12 adders
  3 green rats (D:9)
  A steam dragon skeleton (D:10)
  3 giant mites
  An inept item mimic (D:7)
  5 white imps (D:11)
  A goliath beetle zombie (D:6)
  4 worms
  An adder skeleton (D:9)
  A scorpion zombie (D:8)
  2 giant eyeballs
  2 oozes
  40 orcs
  12 bats
  6 giant cockroaches
  A giant mite zombie (D:6)
  4 grey rats (D:9)
  12 hobgoblins
  9 jackals
  4 quokkas
  5 giant geckos
  5 giant newts
  3 giant spores
  11 goblins
  18 kobolds
  3 kobold zombies (D:5)
  An orc zombie (D:5)
  33 rats
  17 ballistomycetes
304 creatures vanquished.

Vanquished Creatures (others)
  2 hill giants
  A griffon (D:9)
  A feature mimic (D:9)
  A hippogriff (D:10)
  5 orc warriors
  An ogre (D:10)
  A goliath beetle (D:6)
  An orc wizard (D:9)
  4 orcs (D:9)
  A hobgoblin (D:6)
  3 giant spores
  A hobgoblin zombie (D:5)
22 creatures vanquished.

Grand Total: 326 creatures vanquished

Notes
Turn   | Place    | Note
--------------------------------------------------------------
     0 | Abyss:1  | Sachiko, the Merfolk Abyssal Knight, began the quest for the Orb.
     0 | Abyss:1  | Reached XP level 1. HP: 16/16 MP: 1/1
    14 | D:1      | Escaped the Abyss
   150 | D:1      | Reached XP level 2. HP: 2/22 MP: 2/2
   573 | D:1      | Acquired Lugonu's second power
   595 | D:1      | Found a sparkling altar of Nemelex Xobeh.
   829 | D:1      | Reached XP level 3. HP: 28/28 MP: 4/4
   957 | D:1      | Reached skill level 4 in Polearms
  1619 | D:2      | Found a glowing golden altar of the Shining One.
  1630 | D:2      | Found a deep blue altar of Sif Muna.
  1730 | D:2      | Reached XP level 4. HP: 35/35 MP: 5/5
  1777 | D:2      | Acquired Lugonu's third power
  2235 | D:3      | Reached skill level 5 in Polearms
  2319 | D:3      | Reached XP level 5. HP: 38/40 MP: 6/6
  2395 | D:3      | Noticed Sigmund
  2479 | D:3      | Acquired Lugonu's fourth power
  2573 | D:4      | Noticed Grinder
  2573 | D:4      | Paralysed by Grinder for 5 turns
  2588 | D:4      | Paralysed by Grinder for 7 turns
  2598 | D:4      | Paralysed by Grinder for 4 turns
  2612 | D:4      | Paralysed by Grinder for 3 turns
  2622 | D:4      | Paralysed by Grinder for 4 turns
  2636 | D:4      | Killed Grinder
  2636 | D:4      | Reached skill level 7 in Polearms
  2636 | D:4      | Reached skill level 1 in Stealth
  2636 | D:4      | Reached XP level 6. HP: 11/47 MP: 8/8
  3054 | D:4      | Paralysed by a giant eyeball for 3 turns
  3058 | D:4      | Paralysed by a giant eyeball for 4 turns
  3080 | D:4      | Reached XP level 7. HP: 32/53 MP: 9/9
  3212 | D:4      | Reached skill level 8 in Polearms
  3440 | D:4      | Found a glowing drain.
  3473 | Sewer    | Entered a sewer
  3620 | Sewer    | Acquired Lugonu's fifth power
  3620 | Sewer    | Reached skill level 5 in Fighting
  3620 | Sewer    | Reached skill level 5 in Dodging
  4187 | D:5      | Entered Level 5 of the Dungeon
  4292 | D:5      | Reached skill level 9 in Polearms
  5172 | D:6      | Reached XP level 8. HP: 33/60 MP: 11/11
  5509 | D:6      | Found Lyuqeth's Jewellery Shop.
  5518 | D:6      | Bought an uncursed ring of poison resistance for 260 gold pieces
  5844 | D:6      | Noticed a hill giant
  5880 | D:6      | Banished a hill giant
  5880 | D:6      | Reached skill level 10 in Polearms
  5903 | D:6      | Found a bloodstained altar of Trog.
  6587 | D:6      | Reached XP level 9. HP: 51/66 MP: 15/15
  6647 | D:7      | Noticed Prince Ribbit
  6773 | D:7      | Killed Prince Ribbit
  6773 | D:7      | Reached skill level 5 in Invocations
  7021 | D:7      | Got a slimy graven amulet
  7022 | D:7      | Identified the amulet of Gokluyjo {Ward Dex-1} (You found it on level 7 of the Dungeon)
  7310 | D:7      | Found a staircase to the Ecumenical Temple.
  7319 | Temple   | Entered the Ecumenical Temple
  7516 | D:8      | Reached skill level 11 in Polearms
  7985 | Abyss:1  | Noticed a smoke demon
  7985 | D:8      | Escaped the Abyss
  8189 | D:8      | Paralysed by a potion of paralysis for 4 turns
  8856 | D:9      | Found Owey's Magical Wand Emporium.
  8992 | D:9      | Banished a door mimic
  9576 | D:9      | Reached skill level 12 in Polearms
  9662 | D:9      | Reached XP level 10. HP: 17/75 MP: 18/18
 10657 | D:9      | Found a staircase to the Orcish Mines.
 10873 | D:9      | Reached skill level 10 in Dodging
 10952 | D:9      | Noticed a griffon
 10956 | D:9      | Banished a griffon
 11017 | D:10     | Entered Level 10 of the Dungeon
 11184 | D:10     | Paralysed by you for 2 turns
 13391 | D:11     | HP: 2/69 [trapdoor spider (6)]
 13396 | D:11     | Reached skill level 13 in Polearms
 13636 | D:11     | Noticed a hill giant
 13639 | D:11     | Banished a hill giant
 13772 | D:11     | Found a frozen archway.
 14098 | D:11     | Noticed Duskembrace's ghost (powerful SpEn)
 14156 | D:11     | HP: 3/69 [poisoned by Duskembrace's ghost]
 14162 | D:11     | HP: 2/69 [poisoned by Duskembrace's ghost]
 14168 | D:11     | HP: 2/69 [poisoned by Duskembrace's ghost]
 14169 | D:11     | Slain by Duskembrace's ghost

Action                   |  1- 3 |  4- 6 |  7- 9 | 10-12 || total
-------------------------+-------+-------+-------+-------++-------
Melee: Spear             |   131 |   192 |  1163 |   903 ||  2389
Invok: Banish            |       |       |     8 |     9 ||    17
       Bend Space        |       |       |     1 |       ||     1
       Depart the Abyss  |       |       |     1 |       ||     1
       Enter the Abyss   |       |       |     1 |       ||     1
Evoke: Wand              |       |       |     2 |    16 ||    18
  Use: Potion            |     4 |     3 |    10 |     3 ||    20
       Scroll            |     7 |     2 |    14 |     7 ||    30
 Stab: Sleeping          |     1 |       |     4 |     3 ||     8
       Confused          |       |       |     2 |       ||     2
       Invisible         |       |       |     1 |       ||     1
